 Dungeon Crawl Stone Soup version 0.21.1-1-g345015fe64 (webtiles) character file.

12745 Lavandula the Geomancer (level 11, -2/83 HPs)
             Began as a Barachi Earth Elementalist on July 8, 2018.
             Was a High Priest of Cheibriados.
             Shot with an arrow by a centaur warrior (13 damage)
             ... on level 13 of the Dungeon on July 9, 2018.
             The game lasted 00:48:52 (6880 turns).

Lavandula the Geomancer (BaEE)                      Turns: 6880, Time: 00:48:53

Health: -2/83      AC:  7    Str: 23    XL:     11   Next: 98%
Magic:  22/29      EV: 19    Int: 29    God:    Cheibriados [*****.]
Gold:   252        SH:  0    Dex: 25    Spells: 10/23 levels left

rFire    . . .     SeeInvis .   N - +4 scimitar (flame)
rCold    + . .     Gourm    .   (no shield)
rNeg     . . .     Faith    .   f - +1 robe {rC+}
rPois    .         Spirit   .   i - +2 hat
rElec    .         Reflect  .   (no cloak)
rCorr    .         Harm     .   (no gloves)
MR       .....                  a - +1 pair of boots
Stlth    +++.......             z - amulet of rage
HPRegen  0.23/turn              g - +3 ring of strength
MPRegen  0.21/turn              F - ring of magical power

@: can't hop, very slow
A: +LOS, swims, slowness 1, strong legs 1
a: Hop, Bend Time, Temporal Distortion, Slouch, Step From Time, Renounce
Religion, Evoke Berserk Rage


You were on level 13 of the Dungeon.
You worshipped Cheibriados.
Cheibriados was extremely pleased with you.
You were hungry.

You visited 2 branches of the dungeon, and saw 14 of its levels.
You also visited: Bailey.

You collected 440 gold pieces.
You spent 188 gold pieces at shops.

Inventory:

Hand Weapons
 b - a cursed -2 dagger
 j - a +0 dagger
 v - a +0 quarterstaff
 y - a +2 flail of protection
 D - a +1 whip of flaming
 N - a +4 scimitar of flaming (weapon)
 Q - the +6 mace "Sagy" {protect, rN+ Str+7 Dex-2}
   (You found it on level 10 of the Dungeon)

   It protects the one who uses it against injury (+AC on strike).
   It affects your strength (+7).
   It affects your dexterity (-2).
   It protects you from negative energy.
Missiles
 q - 20 poisoned needles
 r - 7 javelins (quivered)
 u - 5 tomahawks
 M - 72 stones
Armour
 a - a +1 pair of boots (worn)
 f - a +1 robe of cold resistance (worn)
 i - a +2 hat (worn)
 l - a +0 plate armour
 s - a +0 ring mail
 w - a +0 chain mail
 x - a +0 ring mail
 B - the +0 crystal plate armour of Beauty {rElec, unknown}
   (You found it in a bailey)

   It insulates you from electricity.
 G - the cursed +0 shield of Serendipity {-Tele rElec rN+ Dex+8, unknown}
   (You found it in a bailey)

   It affects your dexterity (+8).
   It insulates you from electricity.
   It protects you from negative energy.
   It prevents most forms of teleportation.
   It has a curse placed upon it.
Jewellery
 g - a +3 ring of strength (left hand)
 z - an amulet of rage (around neck)
 F - a ring of magical power (right hand)
Wands
 c - a wand of acid (5)
 p - a wand of flame (26)
 A - a wand of random effects (11)
 S - a wand of digging (20)
Scrolls
 k - a scroll of amnesia
 m - 3 scrolls of remove curse
 n - a scroll of immolation
 o - 2 scrolls of teleportation
 H - a scroll of vulnerability
 L - a scroll of identify
 O - a scroll of fog
 P - a scroll of magic mapping
Potions
 h - 3 potions of magic
 t - 2 potions of brilliance
 E - a potion of flight
 I - 2 potions of invisibility
 K - 3 potions of lignification
Books
 e - a book of Geomancy

   Spells                             Type                      Level
   a - Sandblast                      Earth                        1
   b - Passwall                       Transmutation/Earth          2
   c - Stone Arrow                    Conjuration/Earth            3
   d - Petrify                        Transmutation/Earth          4
   e - Lee's Rapid Deconstruction     Earth                        5
 J - a book of Maledictions

   Spells                             Type                      Level
   a - Corona                         Hexes                        1
   b - Ensorcelled Hibernation        Hexes/Ice                    2
   c - Confuse                        Hexes                        3
   d - Tukima's Dance                 Hexes                        3
   e - Dazzling Spray                 Conjuration/Hexes            3
Miscellaneous
 C - a crystal ball of energy
 R - a box of beasts
Comestibles
 d - 12 rations


   Skills:
 - Level 6.5 Fighting
 - Level 5.0 Long Blades
 - Level 6.1 Maces & Flails
 - Level 6.7 Dodging
 - Level 1.7 Stealth
 - Level 6.5 Spellcasting
 - Level 1.1 Transmutations
 - Level 11.2 Earth Magic
 - Level 8.0 Invocations
 + Level 3.0 Evocations


You had 10 spell levels left.
You knew the following spells:

 Your Spells              Type           Power        Failure   Level  Hunger
a - Sandblast             Erth           ######       1%          1    None
b - Stone Arrow           Conj/Erth      #####.       1%          3    None
c - Petrify               Tmut/Erth      #####...     4%          4    ###....
d - Lee's Rapid Deconstr  Erth           ######....   1%          5    #####..


Dungeon Overview and Level Annotations

Branches:
Dungeon (13/15)            Temple (1/1) D:6            Lair (0/6) D:10
    Orc (0/2) D:11
 Vaults: D:13-14

Altars:
Ashenzari
Cheibriados
Dithmenos
Elyvilon
Fedhas
Gozag
Hepliaklqana
Kikubaaqudgha
Makhleb
Nemelex Xobeh
Okawaru
Qazlal
Ru
Sif Muna
Uskayaw
Vehumet
Wu Jian
Xom
Yredelemnul
The Shining One

Shops:
D:4 !?=:   D:7 !

Annotations:
D:3 Ijyb; Supaplex's ghost, weakling GnNe
D:7 ito725's ghost, novice DrAE


Innate Abilities, Weirdness & Mutations

Shadows flee at your approach. (+LOS)
You can swim through water.
You cover ground slowly.
You can hop short distances.


Message History

Okay, then.
The centaur warrior shoots an arrow.
The arrow hits you!
The centaur warrior shoots an arrow.
The arrow hits you!
The centaur warrior shoots an arrow.
The arrow hits you!
* * * LOW HITPOINT WARNING * * *
You see here 3 arrows.
Unknown command.
Okay, then.
Okay, then.
You can feel time thicken for a moment.
You kill the centaur!
Cheibriados thoroughly appreciates the change of pace.
Cheibriados raises the support of your attributes as your movement slows.
You kill the centaur!
Cheibriados thoroughly appreciates the change of pace.
Your Evocations skill increases to level 3!
You are feeling hungry.
Cheibriados lowers the support of your attributes as your movement quickens.
The centaur warrior shoots an arrow.
The arrow hits you!
You die...

#+# #.# #.# #.# #.#
## #.# ##. . #@#
###.. .c.### #.#
#....
..c....##c########
#....
#c.))..>....#####....
####(######.....'....
#..# #######.... ##.#
##### .# ..


You could see a centaur warrior.

Vanquished Creatures
  Snorg (D:12)
  Erica (D:9)
  3 two-headed ogres
  2 unseen horrors (D:12)
  An orc knight (Bailey)
  A deep elf mage (D:12)
  A cyclops (D:11)
  A centaur zombie (D:11)
  2 gargoyles
  The ghost of tidbits the Grave Robber, a novice GnNe of Cheibriados (D:6)
  A troll (D:13)
  A hippogriff (D:9)
  A spriggan (D:10)
  A basilisk (D:11)
  6 yaks (D:12)
  A water moccasin (D:9)
  Edmund (D:4)
  2 hell hounds (D:10)
  An ice beast (D:12)
  4 sky beasts
  6 ogres
  5 orc warriors
  5 centaurs
  2 bullfrogs (D:6)
  A big kobold (D:9)
  3 scorpions
  5 killer bees (D:11)
  A howler monkey (D:4)
  A crimson imp (D:6)
  2 quasits
  3 hounds
  3 jellies
  4 centaur skeletons
  An orc priest (D:4)
  3 bullfrog skeletons
  6 orc wizards
  11 worker ants
  A hound skeleton (D:9)
  Robin (D:4)
  6 gnolls
  A worker ant zombie (D:6)
  13 adders
  3 shadow imps
  An ooze (D:5)
  2 adder skeletons (D:6)
  2 worms
  2 dart slugs
  6 leopard geckos
  55 orcs
  7 giant cockroaches
  13 goblins
  5 hobgoblins
  7 jackals
  3 quokkas (D:4)
  3 ball pythons
  9 bats
  6 frilled lizards
  7 kobolds
  A leopard gecko skeleton (D:5)
  A quokka zombie (D:9)
  4 rats
254 creatures vanquished.

Vanquished Creatures (others)
  A bullfrog skeleton (D:13)
  An orc wizard (D:11)
  A goblin (D:2)
3 creatures vanquished.

Grand Total: 257 creatures vanquished

Notes
Turn   | Place    | Note
-------+----------+-------------------------------------------
     0 | D:1      | Lavandula the Barachi Earth Elementalist began the quest for the Orb.
     0 | D:1      | Reached XP level 1. HP: 13/13 MP: 3/3
   109 | D:1      | Reached XP level 2. HP: 19/19 MP: 0/5
   298 | D:3      | Reached XP level 3. HP: 19/24 MP: 4/8
   303 | D:3      | Learned a level 3 spell: Stone Arrow
   318 | D:3      | Noticed Ijyb
   856 | D:3      | Noticed Supaplex's ghost (weakling GnNe)
   871 | D:4      | Noticed Robin
   890 | D:4      | Reached skill level 1 in Fighting
   890 | D:4      | Reached XP level 4. HP: 14/32 MP: 10/10
   895 | D:4      | Killed Robin
   982 | D:4      | Found a glowing golden altar of the Shining One.
  1004 | D:4      | Found Siadif's Distillery.
  1018 | D:4      | Reached XP level 5. HP: 25/41 MP: 5/11
  1067 | D:4      | Learned a level 4 spell: Petrify
  1272 | D:3      | Reached skill level 4 in Earth Magic
  1322 | D:5      | Entered Level 5 of the Dungeon
  1384 | D:6      | Reached XP level 6. HP: 33/47 MP: 2/12
  1422 | D:6      | Noticed tidbits's ghost (novice GnNe)
  1580 | D:5      | Reached skill level 5 in Earth Magic
  1722 | D:4      | Noticed Edmund
  1733 | D:4      | Killed Edmund
  1733 | D:4      | Reached skill level 6 in Earth Magic
  1733 | D:4      | Reached XP level 7. HP: 31/52 MP: 1/13
  1786 | D:4      | Found Pick's Book Emporium.
  1792 | D:4      | Reached skill level 1 in Maces & Flails
  1884 | D:4      | Found Moxt's Magic Scroll Boutique.
  1896 | D:4      | Bought a scroll of teleportation for 33 gold pieces
  1896 | D:4      | Bought a scroll of noise for 11 gold pieces
  2087 | D:4      | Found Pumith's Jewellery Shop.
  2403 | D:5      | Reached skill level 5 in Maces & Flails
  2403 | D:5      | Reached XP level 8. HP: 41/58 MP: 4/14
  2630 | D:5      | Found a sacrificial altar of Ru.
  2794 | D:6      | Found a staircase to the Ecumenical Temple.
  2808 | D:6      | Learned a level 5 spell: Lee's Rapid Deconstruction
  2812 | Temple   | Entered the Ecumenical Temple
  2865 | Temple   | Became a worshipper of Cheibriados the Contemplative
  2934 | D:6      | Reached skill level 5 in Spellcasting
  2937 | D:6      | Killed tidbits's ghost
  3095 | D:7      | Found Tuofuvam's Distillery.
  3112 | D:7      | Bought a potion of degeneration for 16 gold pieces
  3134 | D:7      | Reached skill level 7 in Earth Magic
  3134 | D:7      | Reached XP level 9. HP: 18/64 MP: 18/18
  3192 | D:7      | Found a flagged portal.
  3202 | Bailey   | Entered a bailey
  3239 | Bailey   | Reached * piety under Cheibriados
  3367 | Bailey   | Noticed an orc knight
  3367 | Bailey   | Noticed an orc knight
  3702 | Bailey   | Reached skill level 8 in Earth Magic
  3954 | Bailey   | Noticed an orc knight
  3992 | Bailey   | Killed an orc knight
  3992 | Bailey   | Reached skill level 9 in Earth Magic
  4166 | Bailey   | Got a twisted crystal plate armour
  4170 | Bailey   | Got a bloodstained shield
  4371 | D:7      | Noticed ito725's ghost (novice DrAE)
  4578 | D:7      | Bought a potion of heal wounds for 80 gold pieces
  4578 | D:7      | Bought a potion of lignification for 48 gold pieces
  4847 | D:9      | Reached skill level 10 in Earth Magic
  5074 | D:9      | Reached ** piety under Cheibriados
  5090 | D:9      | Noticed a two-headed ogre
  5099 | D:9      | Killed a two-headed ogre
  5099 | D:9      | Reached skill level 11 in Earth Magic
  5099 | D:9      | Reached XP level 10. HP: 58/70 MP: 7/19
  5133 | D:9      | Noticed Erica
  5148 | D:9      | Killed Erica
  5148 | D:9      | Reached skill level 5 in Dodging
  5214 | D:9      | Noticed a two-headed ogre
  5221 | D:9      | Killed a two-headed ogre
  5299 | D:9      | Reached skill level 1 in Long Blades
  5382 | D:10     | Entered Level 10 of the Dungeon
  5448 | D:10     | Found a blossoming altar of Fedhas.
  5476 | D:10     | Found a staircase to the Lair.
  5487 | D:10     | Reached *** piety under Cheibriados
  5532 | D:10     | Reached skill level 5 in Long Blades
  5832 | D:10     | Got a transparent mace
  5836 | D:10     | Identified the +6 mace "Sagy" {protect, rN+ Str+7 Dex-2} (You found it on level 10 of the Dungeon)
  5968 | D:11     | Noticed a cyclops
  5985 | D:11     | HP: 1/73 [cyclops/large rock (38)]
  6038 | D:11     | Noticed a gargoyle
  6049 | D:11     | Killed a gargoyle
  6049 | D:11     | Reached skill level 5 in Fighting
  6062 | D:11     | Reached XP level 11. HP: 29/83 MP: 5/20
  6139 | D:11     | Noticed a two-headed ogre
  6161 | D:11     | Found a staircase to the Orcish Mines.
  6235 | D:11     | Killed a two-headed ogre
  6305 | D:11     | Reached **** piety under Cheibriados
  6362 | D:11     | Killed a cyclops
  6399 | D:12     | Noticed a deep elf mage
  6402 | D:12     | Killed a deep elf mage
  6402 | D:12     | Reached skill level 5 in Invocations
  6552 | D:12     | Noticed Snorg
  6557 | D:12     | Killed Snorg
  6576 | D:12     | Reached ***** piety under Cheibriados
  6584 | D:12     | Killed an unseen horror
  6678 | D:12     | Killed an unseen horror
  6836 | D:13     | Reached skill level 1 in Evocations
  6875 | D:13     | Noticed a centaur warrior
  6880 | D:13     | Shot with an arrow by a centaur warrior

Skill      XL: |  1  2  3  4  5  6  7  8  9 10 11 |
---------------+----------------------------------+-----
Spellcasting   | 3 4 6 |  6.5
Fighting       | 1 3 6 |  6.5
Earth Magic    | 4 6 7 11 | 11.2
Maces & Flails | 5 6 |  6.1
Dodging        | 6 |  6.7
Long Blades    | 5 |  5.0
Invocations    | 8 |  8.0
Evocations     | 3 |  3.0
Stealth        | |  1.7
Transmutations | |  1.1

Action                   |  1- 3 |  4- 6 |  7- 9 | 10-12 || total
-------------------------+-------+-------+-------+-------++-------
Melee: Unarmed           |    23 |       |       |       ||    23
       Dagger            |    96 |    70 |       |       ||   166
       Quarterstaff      |       |     3 |       |       ||     3
       Flail             |       |       |   186 |    11 ||   197
       Scimitar          |       |       |       |    90 ||    90
       Mace              |       |       |       |     7 ||     7
Throw: Javelin           |       |     5 |     7 |       ||    12
 Cast: Sandblast         |    36 |    22 |       |    36 ||    94
       Stone Arrow       |     8 |    19 |    71 |    35 ||   133
       Petrify           |       |       |    24 |    15 ||    39
       Lee's Rapid Decon |       |       |    12 |    24 ||    36
Invok: Bend Time         |       |       |       |     1 ||     1
       Slouch            |       |       |       |     1 ||     1
 Abil: Hop               |     2 |     1 |     6 |     4 ||    13
       Evoke Berserk Rag |       |       |     4 |       ||     4
Evoke: Wand              |       |     3 |    12 |     4 ||    19
  Use: Scroll            |     1 |     1 |    10 |     8 ||    20
       Potion            |     1 |       |     1 |     4 ||     6
 Stab: Sleeping          |       |       |     2 |     1 ||     3
       Petrified         |       |       |    10 |     9 ||    19
       Petrifying        |       |       |       |     2 ||     2
  Eat: Chunk             |     1 |     5 |    16 |    10 ||    32
       Ration            |       |       |     2 |       ||     2
Armor: Robe              |    65 |    35 |   105 |    36 ||   241
       Skin              |       |       |       |    13 ||    13
Dodge: Dodged            |   139 |    64 |   149 |   168 ||   520
       Rpst.: Scimitar   |       |       |       |    39 ||    39
